 Dungeon Crawl Stone Soup version 0.20.1-1-g8b1a95d (webtiles) character file.

191 valak24 the Chopper (level 5, 0/47 HPs)
             Began as a Draconian Berserker on July 15, 2017.
             Was a Believer of Trog.
             Slain by a hound (4 damage)
             ... on level 4 of the Dungeon.
             The game lasted 00:05:22 (2054 turns).

valak24 the Chopper (Draconian Berserker)           Turns: 2054, Time: 00:05:22

Health: 0/47       AC:  5    Str: 21    XL:     5   Next: 42%
Magic:  5/5        EV: 13    Int:  7    God:    Trog [**....]
Gold:   152        SH:  2    Dex: 10    Spells: 4/4 levels left

rFire    . . .     SeeInvis .   a - +0 hand axe
rCold    . . .     Gourm    .   (no shield)
rNeg     . . .     Faith    .   (armour unavailable)
rPois    .         Spirit   .   (helmet restricted)
rElec    .         Reflect  +   (no cloak)
rCorr    .         Harm     .   (no gloves)
MR       .....                  (no boots)
Stlth    +.........             s - +2 amulet of reflection
Regen    0.2/turn               (no ring)
MPRegen  0.1/turn               (no ring)

@: no status effects
A: unfitting armour, cold-blooded, AC +5
a: Berserk, Trog's Hand, Burn Spellbooks, Renounce Religion


You were on level 4 of the Dungeon.
You worshipped Trog.
Trog was pleased with you.
You were hungry.

You visited 1 branch of the dungeon, and saw 4 of its levels.

You collected 152 gold pieces.

Inventory:

Hand Weapons
 a - a +0 hand axe (weapon)
Missiles
 h - 8 poisoned tomahawks (quivered)
Jewellery
 s - a +2 amulet of reflection (around neck)
Wands
 d - a wand of lightning (7/15)
Scrolls
 c - a scroll of remove curse
 e - a scroll of identify
 f - a scroll of random uselessness
 g - a scroll of recharging
 l - a scroll of enchant armour {unknown}
Potions
 i - a potion of lignification {unknown}
 j - a potion of flight {unknown}
 k - a potion of resistance {unknown}
 m - a potion of agility {unknown}
 n - a potion of berserk rage {unknown}
 q - 2 potions of curing {unknown}
Comestibles
 b - 4 bread rations
 p - 2 royal jellies
 r - a meat ration


   Skills:
 * Level 4.3 Fighting
 * Level 4.5 Axes
 * Level 3.9 Dodging
 + Level 0.6 Stealth


You had 4 spell levels left.
You didn't know any spells.

Dungeon Overview and Level Annotations

Branches:
Dungeon (4/15)
 Temple: D:4-7

Altars:


Innate Abilities, Weirdness & Mutations

Your plain brown scales are hard. (AC +5)
You cannot fit into any form of body armour.
You are cold-blooded and may be slowed by cold attacks.


Message History

You have reached level 5!
You hit the hound but do no damage. You completely miss the worker ant.
The hound closely misses you. You block the worker ant's attack.
The hound completely misses you.
You hit the worker ant.
The worker ant is moderately wounded.
You hit the hound. The worker ant barely misses you.
The hound closely misses you. The worker ant barely misses you.
The hound closely misses you.
You hit the worker ant but do no damage.
The worker ant is moderately wounded.
You hit the hound. The hound bites you.
* * * LOW HITPOINT WARNING * * *
The worker ant closely misses you. The hound misses you.
The worker ant closely misses you.
You closely miss the hound.
The hound is almost dead.
You closely miss the worker ant. The hound bites you.
You die...

. .. ..####
...############# #####
#>#.....#.....###
.#..#####...............##
.#..<..##.................
..............>..h........
..####.#........@a........
.### #..#.................
...####.#.................
.#....#.#.........).."....
#####...##....)...........
#..(..................
#......########......?
#####.###..# #..##..
......###..## ##


You could see a hound and a worker ant.

Vanquished Creatures
  Menkaure (D:4)
  2 adders (D:3)
  2 oozes (D:1)
  A worm (D:2)
  A leopard gecko (D:2)
  An orc (D:3)
  2 giant cockroaches
  8 goblins
  6 hobgoblins
  2 kobolds
  A quokka (D:3)
  6 bats
  A frilled lizard (D:3)
  5 rats
39 creatures vanquished.

Notes
Turn   | Place    | Note
-------+----------+-------------------------------------------
     0 | D:1      | valak24 the Draconian Berserker began the quest for the Orb.
     0 | D:1      | Reached XP level 1. HP: 19/19 MP: 1/1
   465 | D:1      | Reached XP level 2. HP: 26/26 MP: 2/2
  1052 | D:2      | Reached XP level 3. HP: 29/33 MP: 3/3
  1294 | D:2      | Reached ** piety under Trog
  1859 | D:3      | Reached XP level 4. HP: 36/40 MP: 4/4
  2039 | D:4      | Noticed Menkaure
  2049 | D:4      | Killed Menkaure
  2049 | D:4      | Reached XP level 5. HP: 8/47 MP: 5/5
  2054 | D:4      | Slain by a hound

Skill      XL: |  1  2  3  4 |
---------------+-------------+-----
Dodging        | 3 |  3.9
Fighting       | 4 |  4.3
Axes           | 4 |  4.5
Stealth        | |  0.6

Action                   |  1- 3 |  4- 6 || total
-------------------------+-------+-------++-------
Melee: Hand axe          |   121 |    17 ||   138
       Tailslap          |     9 |     4 ||    13
  Use: Scroll            |     8 |       ||     8
  Eat: Chunk             |     3 |       ||     3
Armor: Skin              |    31 |     2 ||    33
Dodge: Dodged            |    78 |    22 ||   100
Block: Other             |     5 |     2 ||     7
